 Dungeon Crawl Stone Soup version 0.29-a0-521-g59ce8b2d47 (webtiles) character file.

Game seed: 12100347123389491460

56168 Morbidden the Stormcaller (level 14, -8/80 HPs)
             Began as a Tengu Air Elementalist on May 31, 2022.
             Was the Champion of Elyvilon.
             Mangled by a blink frog (11 damage)
             ... on level 5 of the Lair of Beasts on June 1, 2022.
             The game lasted 00:38:50 (22800 turns).

Morbidden the Stormcaller (Tengu Air Elementalist) Turns: 22800, Time: 00:38:51

Health: -8/80      AC: 13    Str: 10    XL:     14   Next: 80%
Magic:  31/31      EV: 20    Int: 25    God:    Elyvilon [******]
Gold:   1435       SH:  0    Dex: 21    Spells: 23/37 levels left

rFire   x . .      SeeInvis .   a - staff of air
rCold   . . .      Faith    .   (no shield)
rNeg    . . .      Spirit   .   D - +1 troll leather armour {Snorg}
rPois   .          Reflect  .   O - +1 hat
rElec   +          Harm     .   g - +2 cloak {rCorr}
rCorr   +          Rampage  .   (no gloves)
Will    ++...                   (boots unavailable)
Stlth   ++........              e - amulet of magic regeneration
HPRegen 1.03/turn               z - ring of Darkness {+Blink rF- Will+ Int+6 Dex+6}
MPRegen 0.62/turn               f - +4 ring of protection

@: flying quickly and evasively, quick
A: beak, talons 3, nimble flight
a: Renounce Religion, Evoke Blink, Purification, Heal Other, Heal Self, Divine
Vigour


You were on level 5 of the Lair of Beasts.
You worshipped Elyvilon.
Elyvilon was exalted by your worship.
You visited 2 branches of the dungeon, and saw 18 of its levels.
You also visited: Bailey and Ice Cave.

You collected 1510 gold pieces.
You spent 75 gold pieces at shops.

Inventory:

Armour
 g - a +2 cloak of preservation (worn)
 D - a +1 troll leather armour (worn) {Snorg}
 G - a +2 robe of fire resistance
 L - +0 steam dragon scales
 O - a +1 hat (worn)
Magical Staves
 a - a staff of air (weapon)
 v - a staff of conjuration
Jewellery
 c - a ring of poison resistance
 e - an amulet of magic regeneration (around neck)
 f - a +4 ring of protection (right hand)
 o - a ring of protection from cold
 z - the ring of Darkness (left hand) {+Blink rF- Will+ Int+6 Dex+6}
   (You found it on level 5 of the Dungeon)

   [ring of dexterity]

   Int:       It affects your intelligence (+6).
   Dex:       It affects your dexterity (+6).
   rF:        It makes you vulnerable to fire.
   +Blink:    It lets you blink.
   Will:      It increases your willpower.
 J - a ring of resist corrosion
 P - a ring of fire
 S - the ring of Timuoj {Ice Dex+4}
   (You found it in an ice cave)

   [ring of ice]

   It enhances your ice magic.
   Dex:       It affects your dexterity (+4).
   rF:        It makes you vulnerable to fire.
   rC:        It protects you from cold.
 T - the ring "Kierphuox" {rPois rC+ Str+4}
   (You found it in an ice cave)

   [ring of protection from cold]

   Str:       It affects your strength (+4).
   rC:        It protects you from cold.
   rPois:     It protects you from poison.
 W - a ring of protection from cold
Wands
 q - a wand of mindburst (4)
 u - a wand of digging (9)
 y - a wand of paralysis (10)
 K - a wand of iceblast (10)
 Q - a wand of acid (8)
 U - a wand of flame (9)
 Y - a wand of charming (3)
Scrolls
 d - 14 scrolls of identify
 i - 6 scrolls of teleportation
 j - a scroll of blinking
 n - a scroll of amnesia
 p - 4 scrolls of vulnerability
 r - a scroll of summoning
 s - 2 scrolls of poison
 w - 2 scrolls of silence
 x - a scroll of brand weapon
 B - 5 scrolls of magic mapping
 E - 2 scrolls of immolation
 H - 4 scrolls of enchant weapon
 N - 4 scrolls of fog
 V - 3 scrolls of enchant armour
Potions
 b - a potion of magic
 h - 4 potions of ambrosia
 k - 3 potions of brilliance
 l - 5 potions of curing
 m - 2 potions of degeneration
 t - 4 potions of berserk rage
 A - 7 potions of heal wounds
 C - 4 potions of might
 F - 3 potions of haste
 I - a potion of resistance
 M - a potion of mutation {unknown}
 X - 2 potions of invisibility
Miscellaneous
 R - a phantom mirror


   Skills:
 * Level 6.8 Fighting
 + Level 7.1 Staves
 + Level 1.5 Armour
 * Level 8.2 Dodging
 + Level 2.8 Stealth
 + Level 1.4 Shields
 * Level 7.3 Unarmed Combat
 * Level 12.2 Spellcasting
 * Level 10.2 Conjurations
 * Level 1.5 Transmutations
 * Level 16.3 Air Magic
 * Level 6.0 Invocations
 * Level 6.4 Evocations


You had 23 spell levels left.
You knew the following spells:

 Your Spells              Type           Power      Damage    Failure   Level
a - Airstrike             Air            49%        N/A       1%          4
b - Static Discharge      Conj/Air       89%        N/A       1%          2
c - Shock                 Conj/Air       100%       1d9       1%          1
d - Storm Form            Tmut/Air       37%        N/A       75%         7

Your spell library contained the following spells:

 Spells                   Type           Power      Damage    Failure   Level
 Poisonous Vapours        Pois/Air       100%       N/A       1%          2
 Swiftness                Air            98%        N/A       1%          3
 Freezing Cloud           Conj/Ice/Air   36%        6-21      3%          5
 Apportation              Tloc           30%        N/A       5%          1
 Corpse Rot               Necr/Pois/Air  59%        N/A       5%          4
 Passwall                 Tmut/Erth      15%        N/A       6%          2
 Blink                    Tloc           30%        N/A       8%          2
 Ensorcelled Hibernation  Hex/Ice        30%        N/A       8%          2
 Irradiate                Conj/Tmut      22%        3d20      13%         5
 Lesser Beckoning         Tloc           15%        N/A       16%         3
 Alistair's Intoxication  Tmut/Pois      12%        N/A       71%         5
 Manifold Assault         Tloc           15%        N/A       82%         5
 Simulacrum               Ice/Necr       7%         N/A       100%        6
 Necromutation            Tmut/Necr      9%         N/A       100%        8
 Polar Vortex             Ice            7%         N/A       100%        9


Dungeon Overview and Level Annotations

Branches:
Dungeon (12/15)            Temple (0/1) D:7            Lair (6/6) D:10
 Shoals (0/4) Lair:3       Spider (0/4) Lair:3          Orc (0/2) D:12
 Bailey (visited)           IceCv (visited)
  Slime: Lair:5-6

Altars:
Cheibriados
Elyvilon
Kikubaaqudgha
Makhleb
Nemelex Xobeh
Xom
Yredelemnul
The Shining One

Shops:
D:2 [   D:12 !

Portals:
Abyss: Lair:5

Annotations:
D:5 1 runed translucent door
D:11 1 runed translucent door
D:12 2 transporters, Fumpue's ghost, journeyman SpEn
Lair:5 2 transporters, jools's ghost, journeyman OpMo


Innate Abilities, Weirdness & Mutations

You have a beak for a mouth.
You have claws for feet.
Your magical nature lets you fly swiftly and evasively.


Message History

Unknown command.
You fly downwards.
Level annotation: 2 transporters, jools's ghost, journeyman OpMo The eight-headed hydra bites you.
The eight-headed hydra misses you. x2
The eight-headed hydra bites you. x2; The eight-headed hydra misses you.
The eight-headed hydra barely misses you.
The eight-headed hydra bites you. The blink frog misses you.
The blink frog blinks!
There is a stone staircase leading up, spattered with blood here.
Unknown command.
Unknown command.
Unknown command.
Unknown command.
Unknown command.
The blink frog barely misses you.
The blink frog blinks!
The eight-headed hydra misses you. The eight-headed hydra bites you!
The eight-headed hydra bites you.
The eight-headed hydra barely misses you.
The eight-headed hydra bites you! The eight-headed hydra misses you.
The eight-headed hydra bites you. The eight-headed hydra bites you!
The blink frog hits you.
The blink frog blinks!
You fly upwards.
There is a stone staircase leading down here.
The blink frog hits you!
* * * LOW HITPOINT WARNING * * *
The eight-headed hydra bites you!
* * * LOW HITPOINT WARNING * * *
The eight-headed hydra bites you but does no damage.
The eight-headed hydra completely misses you.
The eight-headed hydra closely misses you.
The eight-headed hydra bites you! Elyvilon protects you from harm!
The eight-headed hydra bites you. Elyvilon protects you from harm!
The eight-headed hydra misses you.
The eight-headed hydra completely misses you.
You fly downwards.
Level annotation: 2 transporters, jools's ghost, journeyman OpMo The blink frog hits you!
You die...

.#..# #.........# #..#..## ...##
####..#...## ###.##.#.. .####
#######.#.#.'.###.........
.##.####.#.......................
.....#.D..+......................
.....'...##......................
.....####........................
.....# ##......F......##........
.....## #.#.....@F.....##........
......# ##.F....D......##........
###..## ##...........##.........
#### ##.#...#..#######....#.
###.###### ##.##.# ### ######


You could see an eight-headed hydra and 3 blink frogs.

Vanquished Creatures
  Gastronok (D:10)
  An azure jelly (IceCv)
  2 quicksilver oozes (IceCv)
  Snorg (D:10)
  Fannar (Lair:2)
  A two-headed ogre (D:12)
  2 hydras
  A catoblepas (Lair:3)
  4 death yaks (Lair:5)
  3 lindwurms (Lair:4)
  Pikel (D:8)
  2 orc knights (Bailey)
  An ugly thing (D:12)
  A cyclops (D:11)
  6 black mambas
  3 gargoyles
  3 elephants (Lair:4)
  A molten gargoyle (Lair:2)
  A cane toad (shapeshifter) (D:10)
  16 cane toads
  An ice statue (IceCv)
  A rime drake (Lair:3)
  An unseen horror (D:12)
  A kobold demonologist (D:11)
  Maggie (D:7)
  7 komodo dragons
  2 entropy weaver simulacra (IceCv)
  2 polar bears (Lair:5)
  3 trolls
  A tarantella (Lair:3)
  A hornet (D:10)
  Prince Ribbit (D:8)
  14 slime creatures (IceCv)
  8 blink frogs
  26 dream sheep
  3 wyverns
  A shadow (D:11)
  3 wraiths
  42 yaks
  2 basilisks
  A steam dragon (D:9)
  Eustachio (D:4)
  Grum (D:9)
  An acid dragon (D:12)
  3 demonic crawler simulacra (IceCv)
  12 water moccasins
  8 orc warriors
  3 black bears
  A sky beast (D:6)
  2 ice beasts
  3 ugly thing simulacra (IceCv)
  21 wolves
  2 centaurs
  3 kobold brigands (D:8)
  12 bullfrogs
  4 glowing shapeshifter simulacra (IceCv)
  A scorpion (D:4)
  9 wights (D:7)
  6 killer bees
  5 electric eels
  3 howler monkeys (D:7)
  4 hounds
  A jelly (D:4)
  7 orc priests
  A gnoll shaman (D:10)
  6 iguanas
  8 orc wizards
  4 gnolls (D:10)
  10 adders
  3 ufetubi
  5 worms
  3 dart slugs
  48 orcs
  5 endoplasms
  4 giant cockroaches
  10 hobgoblins
  3 jackals (D:2)
  3 quokkas (D:4)
  6 ball pythons
  6 bats
  6 goblins
  A goblin skeleton (D:5)
  18 kobolds
  A kobold skeleton (D:5)
  6 rats
444 creatures vanquished.

Vanquished Creatures (collateral kills)
  A quicksilver ooze (IceCv)
  Erolcha (D:11)
  A boulder beetle (D:12)
  A hydra (D:12)
  A two-headed ogre (D:11)
  A lindwurm (Lair:4)
  A slime creature (IceCv)
7 creatures vanquished.

Vanquished Creatures (others)
  A demonic crawler simulacrum (IceCv)
  19 fungi
  12 plants
32 creatures vanquished.

Grand Total: 483 creatures vanquished

Notes
Turn   | Place    | Note
-------+----------+-------------------------------------------
     0 | D:1      | Morbidden the Tengu Air Elementalist began the quest for
                  | the Orb.
     0 | D:1      | Reached XP level 1. HP: 10/10 MP: 4/4
   130 | D:1      | Found a faded altar of an unknown god.
   341 | D:1      | Prayed at the altar of an unknown god.
   341 | D:1      | Became a worshipper of Elyvilon the Healer
   341 | D:1      | Reached * piety under Elyvilon
   398 | D:1      | Reached XP level 2. HP: 15/15 MP: 0/6
   914 | D:1      | Reached ** piety under Elyvilon
  1025 | D:1      | Reached XP level 3. HP: 14/20 MP: 5/7
  1028 | D:1      | Learned a level 2 spell: Static Discharge
  1557 | D:2      | Found Numuleg's Antique Armour Shop.
  2010 | D:2      | Reached skill level 5 in Air Magic
  2010 | D:2      | Reached XP level 4. HP: 24/24 MP: 4/8
  2223 | D:2      | Reached *** piety under Elyvilon
  2717 | D:3      | Elyvilon protects you from harm!
  2733 | D:3      | Gained mutation: Your magical nature lets you fly swiftly
                  | and evasively. [Tengu growth]
  2733 | D:3      | Reached XP level 5. HP: 21/28 MP: 4/10
  3006 | D:4      | Reached skill level 1 in Shields
  3157 | D:4      | Identified the +8 whip "Ynwy" {vorpal, rN+ Will+}
  3191 | D:4      | Reached skill level 1 in Evocations
  3657 | D:3      | Reached **** piety under Elyvilon
  3745 | D:3      | Reached skill level 1 in Fighting
  3839 | D:3      | Found an ancient bone altar of Kikubaaqudgha.
  3842 | D:3      | Found a snail-covered altar of Cheibriados.
  3848 | D:3      | Reached XP level 6. HP: 34/34 MP: 7/11
  4513 | D:4      | Noticed Eustachio
  4522 | D:4      | Killed Eustachio
  4634 | D:4      | Reached skill level 1 in Staves
  4634 | D:4      | Reached XP level 7. HP: 33/40 MP: 7/13
  4639 | D:4      | Learned a level 4 spell: Airstrike
  5122 | D:5      | Entered Level 5 of the Dungeon
  5182 | D:5      | Identified the ring of Darkness {+Blink rF- Will+ Int+6
                  | Dex+6}
  5229 | D:5      | Reached skill level 1 in Unarmed Combat
  5229 | D:5      | Reached skill level 6 in Air Magic
  5229 | D:5      | Reached skill level 1 in Invocations
  5523 | D:5      | Found a runed translucent door.
  5523 | D:5      | Noticed a human
  5530 | D:5      | Found a basalt altar of Yredelemnul.
  5955 | D:5      | Reached ***** piety under Elyvilon
  6283 | D:6      | Reached XP level 8. HP: 32/45 MP: 0/15
  6643 | D:6      | Found a basalt altar of Yredelemnul.
  6877 | D:6      | Reached skill level 5 in Conjurations
  7088 | D:6      | Reached skill level 7 in Air Magic
  7307 | D:7      | Identified the +10 trident "Qicisaucs" {holy, rF++ Will+
                  | rCorr}
  7317 | D:7      | Reached skill level 5 in Spellcasting
  7455 | D:7      | Found a staircase to the Ecumenical Temple.
  7487 | D:7      | Noticed a yak
  7487 | D:7      | Noticed a yak
  7487 | D:7      | Noticed a yak
  7487 | D:7      | Noticed a yak
  7488 | D:7      | Noticed a yak
  7488 | D:7      | Noticed a yak
  8162 | D:7      | Reached XP level 9. HP: 49/49 MP: 9/18
  8172 | D:7      | Reached skill level 8 in Air Magic
  8424 | D:7      | Reached ****** piety under Elyvilon
  8880 | D:7      | Noticed Maggie
  8892 | D:7      | Killed Maggie
  8893 | D:7      | Reached skill level 9 in Air Magic
  9471 | D:7      | Found a burning altar of Makhleb.
  9583 | D:7      | Reached XP level 10. HP: 43/56 MP: 2/21
  9927 | D:7      | Found a glowing golden altar of the Shining One.
 10027 | D:8      | Reached skill level 10 in Air Magic
 10033 | D:8      | Identified a scroll of acquirement
 10033 | D:8      | Acquired an amulet of magic regeneration
 10146 | D:8      | Found a flagged portal.
 10161 | Bailey   | Entered a bailey
 10518 | Bailey   | Noticed an orc knight
 10518 | Bailey   | Noticed an orc knight
 10578 | Bailey   | Killed an orc knight
 10645 | Bailey   | Killed an orc knight
 11232 | D:8      | Reached skill level 5 in Dodging
 11235 | D:8      | Noticed Prince Ribbit
 11286 | D:8      | Killed Prince Ribbit
 11326 | D:8      | Noticed Pikel
 11329 | D:8      | Killed Pikel
 11330 | D:8      | Reached XP level 11. HP: 62/62 MP: 2/23
 11413 | D:8      | Reached skill level 11 in Air Magic
 11456 | D:9      | Noticed Grum
 11463 | D:9      | Killed Grum
 11747 | D:9      | Reached skill level 5 in Fighting
 11751 | D:9      | Identified the +5 arbalest "Mosocus" {speed, Str+6 Dex-4}
 12141 | D:9      | Found a sparkling altar of Nemelex Xobeh.
 12213 | D:10     | Entered Level 10 of the Dungeon
 12447 | D:10     | Noticed Snorg
 12491 | D:10     | Killed Snorg
 12549 | D:10     | Noticed Gastronok
 12728 | D:10     | Killed Gastronok
 12849 | D:10     | Reached skill level 12 in Air Magic
 13164 | D:10     | Found a staircase to the Lair.
 13224 | D:11     | Noticed a cyclops
 13229 | D:11     | Killed a cyclops
 13512 | D:11     | Noticed Erolcha
 13513 | D:11     | Noticed a two-headed ogre
 13525 | D:11     | Killed Erolcha
 13526 | D:11     | Reached skill level 5 in Staves
 13528 | D:11     | Killed a two-headed ogre
 13529 | D:11     | Reached XP level 12. HP: 68/68 MP: 5/26
 13951 | D:11     | Noticed a boulder beetle
 13951 | D:11     | Noticed a death knight
 13952 | D:11     | Noticed a fire dragon
 13953 | D:11     | Noticed a centaur warrior
 13953 | D:11     | Noticed a two-headed ogre
 13955 | D:11     | Found a runed translucent door.
 14101 | D:12     | Found Heari's Distillery.
 14106 | D:12     | Bought a potion of heal wounds for 75 gold pieces
 14179 | D:12     | Found a transporter.
 14184 | D:12     | Found a transporter.
 14186 | D:12     | Noticed Fumpue's ghost (journeyman SpEn)
 14237 | D:12     | Reached skill level 5 in Unarmed Combat
 14382 | D:12     | Noticed a two-headed ogre
 14387 | D:12     | Killed a two-headed ogre
 14388 | D:12     | Reached skill level 13 in Air Magic
 14564 | D:12     | Found a staircase to the Orcish Mines.
 14714 | D:12     | Noticed a four-headed hydra
 14716 | D:12     | Noticed a boulder beetle
 14738 | D:12     | Killed a four-headed hydra
 14745 | D:12     | Killed a boulder beetle
 14940 | Lair:1   | Entered Level 1 of the Lair of Beasts
 14994 | Lair:1   | Reached skill level 5 in Evocations
 15000 | Lair:1   | Found a frozen archway.
 15009 | IceCv    | Entered an ice cave
 15207 | IceCv    | Reached skill level 10 in Spellcasting
 15713 | IceCv    | Reached XP level 13. HP: 52/74 MP: 3/28
 15714 | IceCv    | Reached skill level 1 in Armour
 16268 | IceCv    | Noticed a quicksilver ooze
 16274 | IceCv    | Killed a quicksilver ooze
 16275 | IceCv    | Reached skill level 14 in Air Magic
 16283 | IceCv    | Noticed a quicksilver ooze
 16290 | IceCv    | Killed a quicksilver ooze
 16296 | IceCv    | Noticed a quicksilver ooze
 16612 | IceCv    | Killed a quicksilver ooze
 16629 | IceCv    | Found a viscous altar of Jiyva.
 16629 | IceCv    | Noticed an azure jelly
 16666 | IceCv    | Killed an azure jelly
 16667 | IceCv    | Reached skill level 5 in Invocations
 16725 | IceCv    | Identified the ring of Timuoj {Ice Dex+4}
 16728 | IceCv    | Got the ring "Kierphuox" {rPois rC+ Str+4}
 17831 | Lair:2   | Noticed Fannar
 17837 | Lair:2   | Killed Fannar
 18602 | Lair:3   | Found a staircase to the Shoals.
 18706 | Lair:3   | Found a shimmering altar of Xom.
 18951 | Lair:3   | Found a hole to the Spider Nest.
 19533 | Lair:3   | Identified the +6 dagger of Wousk {spect, rF- rC+ Will++}
 19872 | Lair:4   | Reached skill level 15 in Air Magic
 19963 | Lair:4   | Reached XP level 14. HP: 57/80 MP: 4/30
 19965 | Lair:4   | Upgraded the game from 0.29-a0-520-gc852659d43 to
                  | 0.29-a0-521-g59ce8b2d47
 20312 | Lair:4   | Found the +8 whip "Snakebite" {venom, curare, rPois}
 20471 | Lair:4   | Got the Collected Works on Moulding
 20484 | Lair:4   | Learned a level 7 spell: Storm Form
 20484 | Lair:4   | Identified the +3 halberd "Ox" {vorpal, *Rage rF+ rN+++}
 20969 | Lair:5   | Noticed jools's ghost (journeyman OpMo)
 20969 | Lair:5   | Found a one-way gate to the infinite horrors of the Abyss.
 21427 | Lair:5   | Reached skill level 1 in Transmutations
 21770 | Lair:5   | Reached skill level 16 in Air Magic
 22069 | Lair:5   | Found a transporter.
 22072 | Lair:5   | Found a transporter.
 22279 | Lair:6   | Entered Level 6 of the Lair of Beasts
 22331 | Lair:6   | Reached skill level 10 in Conjurations
 22799 | Lair:4   | HP: 1/80 [eight-headed hydra (12)]
 22799 | Lair:4   | Elyvilon protects you from harm!
 22799 | Lair:4   | Elyvilon protects you from harm!
 22800 | Lair:5   | Mangled by a blink frog

Illustrated notes

Levels and vault maps discovered:
D:1:      saegor_arrival_simple_c, layout_basic,
          nicolae_ecumenical_snake_handling
D:2:      layout_loops_corners, serial_shops, nicolae_shop_hallway_plus
D:3:      layout_basic, nicolae_overflow_squiral
D:4:      layout_loops_corners, minmay_misc_feat_four_crosses, uniq_eustachio
D:5:      layout_basic, dk_yredelemnul_ordeal, lemuel_old_faithful
D:6:      layout_loops_cross, kennysheep_small_circle
D:7:      nicolae_cairo_tiling_large_dashed, layout_gridville,
          general_overflow_altar, mainiacjoe_overflow_alcove_2,
          minmay_temple_entry_offerings, uniq_maggie
D:8:      layout_basic, enter_bailey_2, uniq_pikel, uniq_prince_ribbit1
D:9:      layout_cave_pools, nemelex_diamond_rough_becter, supply_closet_lemuel,
          kennysheep_generic_room_8, uniq_grum
D:10:     layout_rooms, lair_entry_dummy, uniq_gastronok, uniq_snorg
D:11:     layout_loops_ring, minmay_st_funbox, uniq_erolcha
D:12:     layout_roguey, orc_0_dummy, serial_shops, nicolae_shop_hallway_plus,
          gammafunk_ghost_hive, chequers_serial_rivers_marsh
Lair:1:   layout_big_grid, portal_ice_cave_entry_pillars_2,
          amcnicky_mini_pool_medium
Lair:2:   layout_gridlike, uniq_fannar
Lair:3:   layout_layer_cave, elwin_shoals_entry_rocks, spider_nest_entry_rubble,
          basic_altar, serial_bayou_shore_a, lemuel_fruit_tree,
          grunt_megastairs_4, infiniplex_staircase_pool
Lair:4:   layout_hall_layers, minmay_lindwurm_lava, infiniplex_staircase_pool_2
Lair:5:   layout_roguey, gammafunk_ghost_abyssal_escape,
          chequers_serial_rivers_micro_b, columned_hall_lemuel
Lair:6:   minmay_lair_end_enchanted_forest, layout_long_grid, slime_dummy,
          grunt_megastairs_3

Skill      XL: |  1  2  3  4  5  6  7  8  9 10 11 12 13 14 |
---------------+-------------------------------------------+-----
Air Magic      | 5 6 7 9 10 12 13 15 16 | 16.3
Conjurations   | 2 3 4 5 6 7 8 9 10 | 10.2
Spellcasting   | 3 4 5 6 7 9 10 11 12 | 12.2
Shields        | 1 |  1.4
Evocations     | 1 2 3 4 5 6 |  6.4
Fighting       | 1 2 3 4 5 6 |  6.8
Staves         | 1 2 3 4 5 6 7 |  7.1
Unarmed Combat | 1 2 3 4 5 6 7 |  7.3
Invocations    | 1 2 3 4 5 6 |  6.0
Dodging        | 3 4 5 6 7 8 |  8.2
Armour         | 1 |  1.5
Transmutations | 1 |  1.5
Stealth        | |  2.8

Action                   |  1- 3 |  4- 6 |  7- 9 | 10-12 | 13-15 || total
-------------------------+-------+-------+-------+-------+-------++-------
Melee: Unarmed           |    14 |       |       |       |       ||    14
       Peck              |     4 |     2 |     2 |     9 |    16 ||    33
       Kick              |     3 |     4 |     6 |     8 |    31 ||    52
       Staff             |     3 |    21 |    16 |    26 |    57 ||   123
       Punch             |       |       |       |     2 |     3 ||     5
 Cast: Shock             |    62 |   100 |    77 |       |       ||   239
       Static Discharge  |       |     6 |    37 |    59 |    65 ||   167
       Airstrike         |       |       |    42 |   291 |   282 ||   615
Invok: Heal Self         |       |       |     1 |       |     1 ||     2
Evoke: Wand              |       |       |       |     3 |       ||     3
       Phantom mirror    |       |       |       |     2 |     1 ||     3
  Use: Potion            |       |     6 |     2 |       |     1 ||     9
       Scroll            |       |       |       |    15 |    10 ||    25
 Stab: Sleeping          |     1 |       |       |       |       ||     1
       Distracted        |       |       |       |       |     1 ||     1
Armor: Robe              |     8 |     4 |    10 |       |       ||    22
       Skin              |       |    14 |       |       |       ||    14
       Steam dragon scal |       |       |     2 |     9 |       ||    11
       Troll leather arm |       |       |       |    14 |    51 ||    65
Dodge: Dodged            |    12 |    20 |    47 |   116 |   160 ||   355
Block: Other             |       |     8 |    20 |     1 |       ||    29
       Reflection        |       |     1 |       |       |       ||     1

Table legend: (Time is in decaauts)
 A = Elapsed time spent in this place.
 B = Non-inter-level travel time spent in this place.
 C = Inter-level travel time spent in this place.
 D = Time resting spent in this place.
 E = Time spent auto-exploring this place.
 F = Levels seen in this place.
 G = Mean time per level.
                   A        B        C        D        E       F      G
               +--------+--------+--------+--------+--------+-----+--------+
         Total |  21721 |  20946 |    775 |   3227 |  14622 |  20 | 1086.1 |
       Dungeon |  13691 |  13098 |    593 |   1585 |   9811 |  12 | 1140.9 |
          Lair |   5614 |   5433 |    181 |    809 |   3833 |   6 |  935.7 |
        Bailey |    607 |    607 |      0 |      0 |    457 |   1 |  607.0 |
      Ice Cave |   1807 |   1807 |      0 |    832 |    520 |   1 | 1807.0 |
               +--------+--------+--------+--------+--------+-----+--------+

Top non-repeatable levels by time:
     D:7: 1928 daAuts
   IceCv: 1807 daAuts
     D:6: 1726 daAuts
  Lair:5: 1538 daAuts
     D:1: 1394 daAuts
     D:4: 1353 daAuts
     D:3: 1177 daAuts
  Lair:3: 1170 daAuts
  Lair:4: 1162 daAuts
     D:5: 1079 daAuts
     D:2: 1072 daAuts
  Lair:2: 906 daAuts
    D:10: 854 daAuts
     D:9: 843 daAuts
    D:11: 800 daAuts
